 Dungeon Crawl Stone Soup version 0.27-a0-1256-gced786f65e (webtiles) character file.

Game seed: 10936782054201963413

76 mordus the Cudgeller (level 4, -3/44 HPs)
             Began as a Troll Monk on June 10, 2021.
             Slain by a white imp (5 damage)
             ... summoned by Natasha
             ... on level 2 of the Dungeon.
             The game lasted 00:02:10 (1280 turns).

mordus the Cudgeller (Troll Monk)                   Turns: 1280, Time: 00:02:11

Health: -3/44      AC:  4    Str: 20    XL:     4   Next: 12%
Magic:  3/3        EV: 10    Int:  6    God:
Gold:   94         SH:  0    Dex: 12    Spells: 3/3 levels left

rFire    . . .     SeeInvis .   a - +0 mace
rCold    . . .     Faith    .   (no shield)
rNeg     . . .     Spirit   .   b - +0 robe
rPois    .         Reflect  .   (helmet restricted)
rElec    .         Harm     .   (no cloak)
rCorr    .         Rampage  .   (gloves unavailable)
Will     .....                  (boots unavailable)
Stlth    ++........             (no amulet)
HPRegen  1.14/turn              (no ring)
MPRegen  0.08/turn              (no ring)

@: slowed, very slow
A: large, unfitting armour, claws 3, regeneration 1, shaggy fur 1, tough skin 1
a: no special abilities


You were on level 2 of the Dungeon.
You visited 1 branch of the dungeon, and saw 2 of its levels.

You collected 94 gold pieces.

Inventory:

Hand Weapons
 a - a +0 mace (weapon)
Armour
 b - a +0 robe (worn)
Scrolls
 e - a scroll of torment {unknown}
 f - a scroll of identify {unknown}
 i - a scroll of fog {unknown}
Potions
 c - a potion of cancellation {unknown}
 d - a potion of brilliance {unknown}
 g - a potion of invisibility {unknown}
 h - a potion of might {unknown}


   Skills:
 - Level 2.4 Fighting
 + Level 4.5 Maces & Flails
 - Level 2.4 Dodging
 - Level 1.0 Stealth


You had 3 spell levels left.
You didn't know any spells.
Your spell library was empty.

Dungeon Overview and Level Annotations

Branches:
Dungeon (2/15)

Altars:

Shops:
D:1 =

Annotations:
D:2 Natasha


Innate Abilities, Weirdness & Mutations

You are too large for most types of armour.
You have claws for hands.
Your natural rate of healing is unusually fast.
You are covered in fur. (AC +1)
You have tough skin. (AC +1)


Message History

The giant cockroach bites you but does no damage.
The white imp hits you. The white imp freezes you. Natasha closely misses you.
You hit Natasha.
Natasha is heavily wounded.
The giant cockroach closely misses you. The hobgoblin barely misses you.
The white imp hits you. The white imp freezes you.
The giant cockroach bites you but does no damage.
Natasha claws you. The hobgoblin hits you.
The white imp hits you but does no damage.
The giant cockroach bites you but does no damage.
You barely miss Natasha.
Natasha is heavily wounded.
Natasha closely misses you.
The hobgoblin hits you but does no damage.
The giant cockroach bites you but does no damage.
The white imp hits you but does no damage.
Natasha closely misses you. The hobgoblin hits you.
The giant cockroach bites you but does no damage.
The white imp barely misses you.
You barely miss Natasha.
Natasha is heavily wounded.
Natasha closely misses you. The hobgoblin hits you.
The giant cockroach bites you. The white imp barely misses you.
Natasha claws you! The hobgoblin hits you. The giant cockroach bites you.
Unknown command.
You hit Natasha.
Natasha is heavily wounded.
The white imp hits you. The white imp freezes you.
* * * LOW HITPOINT WARNING * * *
The giant cockroach waves its antennae.
The giant cockroach barely misses you.
Natasha stares at you and mumbles some strange words.
The magic dart hits you.
* * * LOW HITPOINT WARNING * * *
The hobgoblin hits you.
* * * LOW HITPOINT WARNING * * *
The white imp hits you.
* * * LOW HITPOINT WARNING * * *
The white imp freezes you.
You die...

#... #..>..............
#....#..........##....#
#....#..........####.##
#....#..........# #< #
##....#..........# #
#.......$$.......#######
#.......................
#......B....#######.....
#......@....#######.....
#.....gh5...............
#.............####......
#.............# #......
#####.........# #.#####
#.........# #.#####
#.........# #......
#.........# ######. #.


You could see Natasha, a white imp (summoned), a giant cockroach and a
hobgoblin.

Vanquished Creatures
  Natasha (D:2)
  An adder (D:2)
  A dart slug (D:1)
  3 ball pythons
  4 endoplasms (D:1)
  3 goblins (D:2)
  4 hobgoblins
  4 jackals (D:1)
  2 quokkas (D:1)
  3 bats
  2 frilled lizards
  5 kobolds
  5 rats
38 creatures vanquished.

Notes
Turn   | Place    | Note
-------+----------+-------------------------------------------
     0 | D:1      | mordus the Troll Monk began the quest for the Orb.
     0 | D:1      | Reached XP level 1. HP: 22/22 MP: 0/0
    24 | D:1      | Found Ukeumm's Jewellery Emporium.
    77 | D:1      | Reached skill level 3 in Maces & Flails
   112 | D:1      | Reached XP level 2. HP: 24/29 MP: 1/1
   667 | D:1      | Reached XP level 3. HP: 34/34 MP: 2/2
   694 | D:1      | Found a faded altar of an unknown god.
   880 | D:2      | Reached skill level 4 in Maces & Flails
  1036 | D:2      | Noticed Natasha
  1044 | D:2      | Killed Natasha
  1045 | D:2      | Reached XP level 4. HP: 32/44 MP: 3/3
  1268 | D:2      | Noticed Natasha
  1280 | D:2      | HP: 2/44 [white imp[Natasha] (3)]
  1280 | D:2      | Slain by a white imp

Illustrated notes

Levels and vault maps discovered:
D:1:      amcnicky_arrival_underground_garden, layout_loops_ring, serial_shops,
          shop, hellmonk_ecumenical_altar_leap_of_faith
D:2:      layout_basic, hex_intersection, amcnicky_mini_rare_corridor_liquid,
          grunt_decor_cap, minivault_5, uniq_natasha

Skill      XL: |  1  2  3 |
---------------+----------+-----
Maces & Flails | 3 4 |  4.5
Fighting       | |  2.4
Dodging        | |  2.4
Stealth        | |  1.0

Action                   |  1- 3 |  4- 6 || total
-------------------------+-------+-------++-------
Melee: Mace              |    86 |    20 ||   106
 Stab: Sleeping          |     2 |       ||     2
Armor: Robe              |    27 |    17 ||    44
Dodge: Dodged            |    47 |    18 ||    65

Table legend: (Time is in decaauts)
 A = Elapsed time spent in this place.
 B = Non-inter-level travel time spent in this place.
 C = Inter-level travel time spent in this place.
 D = Time resting spent in this place.
 E = Time spent auto-exploring this place.
 F = Levels seen in this place.
 G = Mean time per level.
                   A        B        C        D        E       F      G
               +--------+--------+--------+--------+--------+-----+--------+
         Total |   1305 |   1283 |     22 |      0 |   1011 |   2 |  652.5 |
       Dungeon |   1305 |   1283 |     22 |      0 |   1011 |   2 |  652.5 |
               +--------+--------+--------+--------+--------+-----+--------+

Top non-repeatable levels by time:
     D:1: 861 daAuts
     D:2: 444 daAuts
